 Dungeon Crawl Stone Soup version 0.20.1-1-g8b1a95d (webtiles) character file.

780 Haldmier the Skirmisher (level 7, -4/87 HPs)
             Began as a Barachi Artificer on Oct 10, 2017.
             Was a Follower of Ashenzari.
             Killed by divine providence
             ... invoked by an orc priest
              (9 damage)
             ... on level 5 of the Dungeon.
             The game lasted 00:21:51 (4660 turns).

Haldmier the Skirmisher (Barachi Artificer)         Turns: 4660, Time: 00:21:52

Health: -4/87      AC: 27    Str: 20    XL:     7   Next: 85%
Magic:  10/10      EV:  2    Int: 12    God:    Ashenzari [*.....]
Gold:   267        SH:  0    Dex: 12    Spells: 6/6 levels left

rFire    . . .     SeeInvis .   a - +0 hand axe (venom)
rCold    . . .     Gourm    .   (no shield)
rNeg     + + +     Faith    .   (armour currently unavailable)
rPois    +         Spirit   .   (helmet currently unavailable)
rElec    .         Reflect  .   (cloak currently unavailable)
rCorr    .         Harm     .   (gloves currently unavailable)
MR       .....     NoTele   +   (boots currently unavailable)
Stlth    ++........             (no amulet)
Regen    0.3/turn               i - +4 ring of protection
MPRegen  0.2/turn               q - ring of positive energy

@: mighty, tree-form
A: +LOS, swims
a: Curse Item, Scrying, Renounce Religion


You were on level 5 of the Dungeon.
You worshipped Ashenzari.
Ashenzari was aware of your devotion.
You were very hungry.
You were a tree.
You visited 2 branches of the dungeon, and saw 6 of its levels.

You collected 267 gold pieces.

Inventory:

Hand Weapons
 a - a +0 hand axe of venom (weapon)
 b - a +0 hunting sling
 u - a +4 quarterstaff of chaos
 D - a +0 rapier
Missiles
 h - 185 stones (quivered)
 s - 44 sling bullets
Armour
 m - a +0 pair of gloves (melded)
 n - a +0 pair of boots (melded)
 t - a +2 cloak of invisibility (melded)
 E - a +0 scale mail of poison resistance (melded)
Jewellery
 i - a +4 ring of protection (left branch)
 q - a ring of positive energy (right branch)
 v - an uncursed ring of resist corrosion
Wands
 c - a wand of flame (22/48)
 d - a wand of enslavement (12/24)
 e - a wand of random effects (15/48)
Scrolls
 j - 2 scrolls of identify
 r - 2 scrolls of blinking
 y - 3 scrolls of magic mapping {unknown}
 A - 2 scrolls of teleportation
Potions
 g - a potion of resistance
 k - a potion of brilliance {unknown}
 l - a potion of agility {unknown}
 o - a potion of invisibility {unknown}
 w - a potion of lignification
 x - a potion of magic
 B - a potion of mutation {unknown}
 C - a potion of haste
Comestibles
 f - 3 bread rations
 p - a royal jelly
 z - a meat ration


   Skills:
 * Level 6.0 Fighting
 - Level 2.0 Short Blades
 + Level 2.3 Armour
 + Level 5.0 Dodging
 - Level 3.0 Stealth
 + Level 5.0 Evocations


You had 6 spell levels left.
You didn't know any spells.

Dungeon Overview and Level Annotations

Branches:
Dungeon (5/15)             Temple (1/1) D:5

Altars:
Ashenzari
Cheibriados
Dithmenos
Elyvilon
Fedhas
Gozag
Hepliaklqana
Kikubaaqudgha
Makhleb
Nemelex Xobeh
Okawaru
Qazlal
Ru
Sif Muna
Trog
Uskayaw
Vehumet
Xom
Yredelemnul
Zin
The Shining One


Innate Abilities, Weirdness & Mutations

Shadows flee at your approach. (+LOS)
You can swim through water.
((You cover ground slowly.))
((You can hop short distances.))


Message History

Your Dodging skill increases to level 5!
Your Evocations skill increases to level 5!
The centaur hits you but does no damage.
You barely miss the centaur.
The centaur hits you but does no damage. x2
You hit the centaur.
The centaur is poisoned.
The centaur is lightly wounded.
The centaur hits you.
* * * LOW HITPOINT WARNING * * *
The centaur hits you but does no damage.
You hit the centaur.
The centaur looks as sick as possible!
The centaur is heavily wounded.
The centaur hits you.
* * * LOW HITPOINT WARNING * * *
The centaur hits you but does no damage.
You barely miss the centaur.
The centaur is heavily wounded.
The orc priest invokes the aid of Beogh against you.
Beogh smites you!
You die...

#.............>................
##.....######....##.###########
#....## ######### #....# #...)#
#....## #.....#####
#.........########....
#.............♣cs......
#........#########o......
...>.....# #.#### .........# #
###...##.. ##.# ##. #. # #


You could see a centaur, a scorpion and an orc priest.

Vanquished Creatures
  A sky beast (D:5)
  An ogre (D:3)
  A centaur (D:5)
  A howler monkey (D:5)
  2 orc priests (D:5)
  Jessica (D:2)
  An iguana (D:5)
  Terence (D:3)
  An orc wizard (D:5)
  Crazy Yiuf (D:2)
  Natasha (thrice) (D:4)
  2 worker ants (D:4)
  7 adders
  A shadow imp (D:5)
  2 worms
  2 dart slugs (D:3)
  3 leopard geckos
  3 orcs
  10 bats
  3 giant cockroaches
  8 goblins
  8 hobgoblins
  17 jackals
  3 quokkas
  A ball python (D:3)
  2 frilled lizards (D:2)
  8 kobolds
  A leopard gecko skeleton (D:4)
  8 rats
103 creatures vanquished.

Notes
Turn   | Place    | Note
-------+----------+-------------------------------------------
     0 | D:1      | Haldmier the Barachi Artificer began the quest for the Orb.
     0 | D:1      | Reached XP level 1. HP: 15/15 MP: 3/3
    95 | D:1      | Reached skill level 1 in Stealth
   339 | D:1      | Reached XP level 2. HP: 21/21 MP: 4/4
   933 | D:1      | Reached XP level 3. HP: 25/26 MP: 5/5
  1081 | D:2      | Reached skill level 2 in Fighting
  1241 | D:2      | Reached XP level 4. HP: 33/33 MP: 6/6
  1354 | D:2      | Noticed Jessica
  1359 | D:2      | Killed Jessica
  1540 | D:2      | Found a shattered altar of Ashenzari.
  1638 | D:2      | Became a worshipper of Ashenzari the Shackled
  1740 | D:2      | Found a blossoming altar of Fedhas.
  1837 | D:2      | Reached skill level 3 in Fighting
  1837 | D:2      | Reached XP level 5. HP: 35/41 MP: 7/7
  1841 | D:2      | Found a snail-covered altar of Cheibriados.
  1953 | D:2      | Found a runed door.
  1957 | D:2      | Noticed Crazy Yiuf
  1961 | D:2      | Killed Crazy Yiuf
  2404 | D:3      | Noticed Terence
  2421 | D:3      | Killed Terence
  2477 | D:3      | Found a deep blue altar of Sif Muna.
  2506 | D:3      | Noticed an ogre
  2515 | D:3      | Killed an ogre
  2515 | D:3      | Reached skill level 4 in Fighting
  2515 | D:3      | Reached XP level 6. HP: 41/48 MP: 7/9
  2927 | D:3      | Found a glowing golden altar of the Shining One.
  2936 | D:3      | Found a deep blue altar of Sif Muna.
  3039 | D:4      | Noticed Natasha
  3043 | D:4      | Killed Natasha
  3263 | D:4      | Noticed Natasha
  3274 | D:4      | Killed Natasha
  3428 | D:4      | Found a stormy altar of Qazlal.
  3458 | D:4      | Noticed Natasha
  3465 | D:4      | Killed Natasha
  3906 | D:4      | Reached skill level 5 in Fighting
  3906 | D:4      | Reached XP level 7. HP: 53/56 MP: 10/10
  4052 | D:5      | Entered Level 5 of the Dungeon
  4067 | D:5      | Reached skill level 1 in Armour
  4389 | D:5      | Found a staircase to the Ecumenical Temple.
  4399 | Temple   | Entered the Ecumenical Temple
  4431 | Temple   | Reached * piety under Ashenzari
  4620 | D:5      | Found a shadowy altar of Dithmenos.
  4656 | D:5      | Reached skill level 6 in Fighting
  4656 | D:5      | Reached skill level 5 in Dodging
  4656 | D:5      | Reached skill level 5 in Evocations
  4659 | D:5      | HP: 4/87 [centaur (3)]
  4660 | D:5      | Killed from afar by an orc priest

Skill      XL: |  1  2  3  4  5  6  7 |
---------------+----------------------+-----
Stealth        | 1 2 3 |  3.0
Short Blades   | 2 |  2.0
Fighting       | 2 3 4 5 6 |  6.0
Dodging        | 3 4 5 |  5.0
Evocations     | 4 5 |  5.0
Armour         | 2 |  2.3

Action                   |  1- 3 |  4- 6 |  7- 9 || total
-------------------------+-------+-------+-------++-------
Melee: Short sword       |   145 |    41 |       ||   186
       Hand axe          |       |    70 |    61 ||   131
 Fire: Hunting sling     |       |   153 |       ||   153
Throw: Stone             |    18 |       |       ||    18
 Abil: Hop               |     1 |     1 |       ||     2
Evoke: Wand              |     3 |    15 |     3 ||    21
  Use: Scroll            |     3 |     4 |       ||     7
       Potion            |       |       |     3 ||     3
 Stab: Sleeping          |     2 |       |       ||     2
  Eat: Chunk             |     2 |     8 |     3 ||    13
Armor: Leather armour    |    72 |    64 |       ||   136
       Scale mail        |       |    42 |    27 ||    69
       Skin              |       |       |     9 ||     9
Dodge: Dodged            |    96 |   140 |    29 ||   265
